 Dungeon Crawl Stone Soup version 0.22-a0-422-g9628fc8 (webtiles) character file.

110 Goblin1989 the Chopper (level 4, -2/35 HPs)
             Began as a Demonspawn Chaos Knight on May 16, 2018.
             Killed from afar by Natasha (7 damage)
             ... with a magic dart
             ... on level 3 of the Dungeon.
             The game lasted 00:09:20 (836 turns).

Goblin1989 the Chopper (Demonspawn Chaos Knight)     Turns: 836, Time: 00:09:21

Health: -2/35      AC:  8    Str: 12    XL:     4   Next: 61%
Magic:  4/4        EV: 11    Int: 14    God:    Xom [..*...]
Gold:   73         SH:  0    Dex: 13    Spells: 3/3 levels left

rFire    . . .     SeeInvis .   a - +0 hand axe (chaos)
rCold    . . .     Gourm    .   (no shield)
rNeg     . . .     Faith    .   b - +2 leather armour
rPois    .         Spirit   .   (helmet restricted)
rElec    .         Reflect  .   (no cloak)
rCorr    .         Harm     .   i - +2 pair of gloves
MR       .....                  (no boots)
Stlth    +.........             (no amulet)
HPRegen  0.11/turn              (no ring)
MPRegen  0.09/turn              (no ring)

@: no status effects
A: antennae 2
a: Renounce Religion


You were on level 3 of the Dungeon.
You worshipped Xom.
You were a toy of Xom.
You were not hungry.

You visited 1 branch of the dungeon, and saw 3 of its levels.

You collected 73 gold pieces.

Inventory:

Hand Weapons
 a - a +0 hand axe of chaos (weapon)
 h - a +0 whip of venom
Missiles
 f - 6 javelins (quivered) {@Q2}
Armour
 b - a +2 leather armour (worn)
 i - a +2 pair of gloves (worn)
Scrolls
 g - a scroll of magic mapping {unknown}
 j - a scroll of remove curse {unknown}
 k - a scroll of immolation {unknown}
 l - a scroll of amnesia {unknown}
 n - 3 scrolls of identify {unknown}
 o - 2 scrolls of fear {unknown}
 r - a scroll of blinking {unknown}
 t - a scroll of fog {unknown}
Potions
 p - a potion of berserk rage {unknown}
 q - a potion of might {unknown}
 u - a potion of agility {unknown}
Comestibles
 e - 4 rations
 s - 2 chunks of flesh


   Skills:
 + Level 3.1 Fighting
 * Level 4.8 Axes
 - Level 1.7 Armour
 + Level 1.1 Dodging


You had 3 spell levels left.
You didn't know any spells.
Your spell library was empty.

Dungeon Overview and Level Annotations

Branches:
Dungeon (3/15)

Altars:
Qazlal
Yredelemnul

Annotations:
D:3 Goblin1989's ghost, weakling DsCK; Natasha


Innate Abilities, Weirdness & Mutations

You have a pair of antennae on your head.


Message History

You feel better. The goblin completely misses you. The worm barely misses you.
The hobgoblin barely misses you.
You regained 9 hp, and now have 13/35 hp.
You hit the hobgoblin. You freeze the hobgoblin.
You kill the hobgoblin!
You hit the worm. You freeze the worm. You hit the goblin.
The goblin hits you with a club.
* * * LOW HITPOINT WARNING * * *
The worm closely misses you.
You take 1 damage, and have 12/35 hp.
You hit the worm.
The worm is almost dead.
You hit the goblin.
You feel better.
The goblin is showered with tiny particles of grit.
The goblin hits you but does no damage. The worm closely misses you.
Unknown command.
You hit the worm but do no damage.
The worm is poisoned.
The worm is severely wounded.
You hit the goblin. You freeze the goblin.
You kill the goblin!
The worm misses you.
Unknown command.
You slash the worm!
You kill the worm!
Unknown command.
Things that are here:
a club; a whip; a goblin corpse
t - a scroll labeled XABRURORPHEN
Okay, then.
You see here a club.
n - 2 scrolls labeled SUIQ UROIREROM (gained 1) Xom titters: I'd like a moon troll!
Welcome back, Goblin1989 the Demonspawn Chaos Knight.
Xom snickers.
Press ? for a list of commands and other information.
You now have 64 gold pieces (gained 12).
n - 3 scrolls labeled SUIQ UROIREROM (gained 1)
You now have 73 gold pieces (gained 9).
Number of times to repeat, then command key: You must enter the number of times for the command to repeat.
Found a stone staircase leading up.
You regained 3 hp, and now have 26/35 hp.
A quokka comes into view.
Found a stone staircase leading down.
There is a stone staircase leading up here.
The quokka twitches its whiskers.
You climb upwards.
There is a stone staircase leading down here.
You climb downwards.
There is a stone staircase leading up here.
The quokka bites you but does no damage.
The quokka twitches its whiskers.
The quokka completely misses you.
You barely miss the quokka. The quokka bites you.
You take 4 damage, and have 23/35 hp.
You hit the quokka.
The quokka is heavily wounded.
The quokka bites you but does no damage.
You hit the quokka but do no damage.
The quokka is poisoned.
The quokka is heavily wounded.
The quokka barely misses you.
You hit the quokka.
You kill the quokka!
You see here a quokka corpse.
Xom's power touches on you for a moment.
Fire whirls out from your ears!
A fire vortex comes into view.
There is a stone staircase leading down here.
Xom notices you. The fire vortex hits you. The fire vortex burns you!
Ouch! That really hurt!
* * * LOW HITPOINT WARNING * * *
A shower of butterflies erupts from you!
The fire vortex dissipates! 3 spatial vortices come into view.
You take 21 damage, and have 3/35 hp.
MASSIVE DAMAGE!!
Your butterfly is engulfed in blazing flames.
Your butterfly dies!
Your butterfly is engulfed in blazing flames.
Your butterfly dies!
You swap places.
Found an escape hatch in the floor.
You see here a black potion.
u - a black potion The spatial vortex barely misses your butterfly.
There is a stone staircase leading down here.
You climb downwards.
Level annotation: Goblin1989's ghost, weakling DsCK A goblin and Natasha come into view.
The goblin shouts!
Natasha hisses angrily.
Natasha wildly gestures.
Natasha's front paws start to glow.
The goblin moves out of view.
Found a basalt altar of Yredelemnul.
There is a stone staircase leading up here.
Unknown command.
Natasha casts a spell at you. The magic dart hits you!
You die...
Xom chortles! { ███. █████

....)
█...).███..P.P.
..$....@.h..⌂..
█.████████.P.P.
█.█ {... ██.█ █
.. ..█ ?. ...
█. █.█ █. .█ █.
█)█ █.█.█ █.
█.██████.█.██


You could see Natasha.

Vanquished Creatures
  Natasha (D:2)
  An adder (D:3)
  2 oozes (D:1)
  3 worms
  A dart slug (D:2)
  3 leopard geckos
  2 orcs (D:3)
  2 giant cockroaches (D:1)
  5 goblins
  8 hobgoblins
  2 jackals (D:2)
  A quokka (D:2)
  2 bats (D:1)
  5 frilled lizards
  7 kobolds
  8 rats
53 creatures vanquished.

Vanquished Creatures (others)
  A fire vortex (D:2)
1 creature vanquished.

Grand Total: 54 creatures vanquished

Notes
Turn   | Place    | Note
-------+----------+-------------------------------------------
     0 | D:1      | Goblin1989 the Demonspawn Chaos Knight began the quest for the Orb.
     0 | D:1      | Reached XP level 1. HP: 18/18 MP: 1/1
    51 | D:1      | Reached skill level 3 in Axes
    56 | D:1      | XOM: divination: magic mapping
    74 | D:1      | Gained mutation: You have a pair of small antennae on your head. [demonic ancestry]
    74 | D:1      | Reached XP level 2. HP: 16/24 MP: 2/2
   109 | D:1      | XOM: harmless Fire miscast
   131 | D:1      | XOM: divination: detect creatures
   183 | D:2      | Noticed Natasha
   186 | D:2      | Noticed a crimson imp
   194 | D:2      | Killed Natasha
   194 | D:2      | Reached skill level 4 in Axes
   194 | D:2      | Reached XP level 3. HP: 5/29 MP: 3/3
   428 | D:2      | Found a stormy altar of Qazlal.
   474 | D:2      | Gained mutation: You have a pair of antennae on your head. [demonic ancestry]
   474 | D:2      | Reached XP level 4. HP: 25/35 MP: 4/4
   594 | D:3      | Reached skill level 1 in Dodging
   613 | D:3      | Noticed Goblin1989's ghost (weakling DsCK)
   620 | D:3      | Found a faded altar of an unknown god.
   628 | D:3      | XOM: harmless Tloc miscast
   818 | D:2      | XOM: mild Fire miscast
   819 | D:2      | XOM: medium Tloc miscast
   819 | D:2      | XOM: butterfly on damage
   820 | D:2      | Noticed a spatial vortex
   820 | D:2      | Noticed a spatial vortex
   820 | D:2      | Noticed a spatial vortex
   835 | D:3      | Found a basalt altar of Yredelemnul.
   835 | D:3      | Noticed Natasha
   836 | D:3      | Killed from afar by Natasha

Vault maps used:
D:1:      mainiacjoe_arrival_reflecting_pool
D:2:      roderic_roman_lattice, nicolae_qazlal_general_emergency, uniq_natasha
D:3:      chequers_ecumenical_altar_simple_redux, fountainhead,
          yredelemnul_altar_generic, uniq_crazy_yiuf_cottage

Skill      XL: |  1  2  3  4 |
---------------+-------------+-----
Axes           | 3 4 |  4.8
Dodging        | 1 |  1.1
Fighting       | |  3.1
Armour         | |  1.7

Action                   |  1- 3 |  4- 6 || total
-------------------------+-------+-------++-------
Melee: Hand axe          |    90 |    68 ||   158
  Use: Potion            |       |     2 ||     2
 Stab: Confused          |     1 |       ||     1
       Petrified         |     1 |       ||     1
       Petrifying        |       |     1 ||     1
Armor: Leather armour    |    35 |    27 ||    62
Dodge: Dodged            |    71 |    44 ||   115

Table legend:
 A = Spawn XP
 B = Non-spawn XP
 C = Spawn XP percentage of total XP
 D = Spawn monster count
 E = Non-spawn monster count
 F = Spawn count percentage of total count
 G = Total turns spent on level
                    A         B        C        D         E        F      G
               +---------+---------+-------+---------+---------+-------+---------
         Total |       0 |     158 |   0.0 |       0 |      53 |   0.0 |   836
               +---------+---------+-------+---------+---------+-------+---------
           D:1 |       0 |      55 |   0.0 |       0 |      28 |   0.0 |   412
           D:2 |       0 |      76 |   0.0 |       0 |      18 |   0.0 |   328
           D:3 |       0 |      27 |   0.0 |       0 |       7 |   0.0 |    96
               +---------+---------+-------+---------+---------+-------+---------

Vault maps used:
D:1:      mainiacjoe_arrival_reflecting_pool
D:2:      roderic_roman_lattice, nicolae_qazlal_general_emergency, uniq_natasha
D:3:      chequers_ecumenical_altar_simple_redux, fountainhead,
          yredelemnul_altar_generic, uniq_crazy_yiuf_cottage
